 Dungeon Crawl Stone Soup version 0.29.1-13-g9f3cf754e1 (webtiles) character file.

Game seed: 5671033380725304576

10558 Peloso the Carver (level 11, -14/148 HPs)
             Began as a Minotaur Fighter on Jan 24, 2023.
             Was a Follower of Okawaru.
             Demolished by an ice devil (15 damage)
             ... summoned by a kobold demonologist
             ... on level 11 of the Dungeon.
             The game lasted 00:23:27 (12458 turns).

Peloso the Carver (Minotaur Fighter)               Turns: 12458, Time: 00:23:28

Health: -14/148    AC:  7    Str: 23    XL:     11   Next: 37%
Magic:  10/10      EV:  9    Int:  5    God:    Okawaru [*.....]
Gold:   385        SH:  6    Dex: 12    Spells: 10/10 levels left

rFire   + + .      SeeInvis .   a - +11 long sword of World Downfall {speed, Will+}
rCold   . . .      Faith    .   d - +0 buckler
rNeg    . . .      Spirit   .   l - +2 chain mail {rF+}
rPois   .          Reflect  .   (helmet restricted)
rElec   .          Harm     .   (no cloak)
rCorr   .          Rampage  .   (no gloves)
Will    +....                   F - +0 pair of boots
Stlth   ..........              (no amulet)
HPRegen 0.34/turn               g - ring of protection from fire
MPRegen 0.12/turn               H - ring of flight

@: berserking, corroded, flying, studying Shields, very quick
A: horns 2, retaliatory headbutt
a: Renounce Religion, Heroism


You were on level 11 of the Dungeon.
You worshipped Okawaru.
Okawaru was aware of your devotion.
You visited 2 branches of the dungeon, and saw 12 of its levels.
You also visited: Bailey.

You collected 825 gold pieces.
You spent 440 gold pieces at shops.

Inventory:

Hand Weapons
 a - the +11 long sword of World Downfall (weapon) {speed, Will+}
   (You found it on level 7 of the Dungeon)

   Attacks with this weapon are significantly faster.
   Will:      It increases your willpower.
 b - a +0 long sword
 c - a +0 glaive of flaming
Armour
 d - a +0 buckler (worn)
 l - a +2 chain mail of fire resistance (worn)
 F - a +0 pair of boots (worn)
Jewellery
 g - a ring of protection from fire (left hand)
 o - a ring of positive energy
 r - a +6 ring of intelligence
 w - the ring "Ciniff" {MP+9 SInv}
   (You found it on level 3 of the Dungeon)

   [ring of magical power]

   MP:        It affects your magic capacity (+9).
   SInv:      It lets you see invisible.
 H - a ring of flight (right hand)
 J - an amulet of magic regeneration
 L - a +6 ring of intelligence
 M - a ring of magical power
Wands
 x - a wand of iceblast (3)
 y - a wand of flame (48)
 I - a wand of mindburst (24)
 K - a wand of charming (12)
 O - a wand of light (10)
Scrolls
 f - 2 scrolls of teleportation
 i - 3 scrolls of enchant weapon
 j - 4 scrolls of immolation
 k - 3 scrolls of poison
 s - a scroll of fear
 t - 2 scrolls of amnesia
 u - a scroll of silence
 D - a scroll of magic mapping
 E - a scroll of summoning {unknown}
 G - 2 scrolls of fog {unknown}
 P - a scroll of noise
 Q - 5 scrolls of enchant armour
Potions
 e - 3 potions of might
 h - 2 potions of haste
 n - 2 potions of ambrosia
 p - 2 potions of mutation
 q - 4 potions of curing
 z - 2 potions of magic {unknown}
 A - 3 potions of brilliance {unknown}
 B - 2 potions of heal wounds {unknown}
 C - a potion of degeneration {unknown}
 R - 2 potions of flight {unknown}


   Skills:
 + Level 9.9 Fighting
 + Level 13.5 Long Blades
 + Level 11.7 Armour
 + Level 3.7 Dodging
 + Level 1.7 Stealth
 + Level 8.1 Shields
 + Level 1.2 Evocations


You had 10 spell levels left.
You didn't know any spells.
Your spell library contained the following spells:

 Spells                   Type           Power      Damage    Failure   Level
 Slow                     Hex            0%         N/A       98%         1
 Sublimation of Blood     Necr           0%         N/A       99%         2
 Confusing Touch          Hex            0%         N/A       100%        3
 Dazzling Flash           Conj/Hex       0%         N/A       100%        3
 Portal Projectile        Hex/Tloc       0%         N/A       100%        3
 Vampiric Draining        Necr           0%         2d6       100%        3
 Hailstorm                Conj/Ice       0%         3d3       100%        4
 Ice Form                 Ice/Tmut       0%         N/A       100%        4
 Leda's Liquefaction      Hex/Erth       0%         N/A       100%        4
 Petrify                  Tmut/Erth      0%         N/A       100%        4
 Agony                    Necr           0%         N/A       100%        5
 Irradiate                Conj/Tmut      0%         3d11      100%        5
 Silence                  Hex/Air        0%         N/A       100%        5
 Borgnjor's Revivificati  Necr           0%         N/A       100%        8
 Necromutation            Tmut/Necr      0%         N/A       100%        8
 Death's Door             Necr           0%         N/A       100%        9
 Call Canine Familiar     Summ           Unusable   N/A       N/A         3
 Simulacrum               Ice/Necr       Unusable   N/A       N/A         6

Dungeon Overview and Level Annotations

Branches:
Dungeon (11/15)            Temple (1/1) D:7          Bailey (visited)
   Lair: D:8-11         Orc: D:9-12

Altars:
Ashenzari
Cheibriados
Dithmenos
Fedhas
Gozag
Hepliaklqana
Kikubaaqudgha
Makhleb
Nemelex Xobeh
Okawaru
Qazlal
Ru
Sif Muna
Trog
Uskayaw
Vehumet
Wu Jian
Yredelemnul
Zin
The Shining One

Shops:
D:5 *   D:8 (**!

Annotations:
D:7 2 transporters, DildoBatman's ghost, novice FoCj


Innate Abilities, Weirdness & Mutations

You have a pair of horns on your head.
You reflexively headbutt those who attack you in melee.


Message History

You headbutt the white imp, but do no damage.
The kobold demonologist miscasts a cantrip.
The crimson imp hits you but does no damage.
The kobold hits you but does no damage.
The kobold demonologist hits you with a +0 dagger.
* * * LOW HITPOINT WARNING * * *
The sixfirhy closely misses you.
You completely miss the kobold demonologist.
You headbutt the kobold demonologist, but do no damage.
The kobold demonologist is moderately wounded.
The sixfirhy hits you but does no damage.
Unknown command.
You hit the kobold demonologist.
The kobold demonologist is moderately wounded.
The sixfirhy closely misses you. You furiously retaliate!
You headbutt the sixfirhy.
Unknown command.
You hit the kobold demonologist.
Your headbutt misses the kobold demonologist.
The kobold demonologist is moderately wounded.
The sixfirhy hits you but does no damage.
The white imp hits you but does no damage.
The kobold hits you but does no damage.
The kobold demonologist hits you with a +0 dagger.
* * * LOW HITPOINT WARNING * * *
The ynoxinul gestures.
The kobold demonologist closely misses you.
The crimson imp closely misses you. You furiously retaliate!
You headbutt the crimson imp. You block the kobold's attack.
The shadow slips into darkness.
The shadow flickers and vanishes!
Deactivating autopickup; reactivate with Ctrl-A.
You are too berserk!
You barely miss the kobold demonologist.
The kobold demonologist is moderately wounded.
The sixfirhy hits you but does no damage.
You block the red devil's attack. The ice devil hits you.
* * * LOW HITPOINT WARNING * * *
The ice devil freezes you!
You die...

..# #..# #...###
##########.#...# #
#..............#.#
#............(....
#.........5.......
#.......35KK.5....
#......5K@5K55....
#.......K4K4K5....
#........55KK.....
#.........355.....
#.......^...5.....
#........5..5?.{..
#.................
###.##############
#.


You could see an ice devil (summoned), 3 kobold demonologists, a sixfirhy
(summoned), a ynoxinul (summoned), a red devil (summoned), a kobold brigand, 3
iron imps, a quasit (summoned), a crimson imp (summoned), a white imp
(summoned), a shadow imp (summoned), 8 ufetubi and 5 kobolds.

Vanquished Creatures
  3 two-headed ogres (D:10)
  Pikel (D:8)
  Maurice (D:8)
  Joseph (D:7)
  Maggie (D:8)
  An unseen horror (D:8)
  Prince Ribbit (D:8)
  A wyvern (D:10)
  9 yaks
  2 vampire mosquitoes (D:10)
  An acid dragon (D:11)
  An ice beast (D:8)
  Duvessa (D:7)
  10 orc warriors
  2 sky beasts
  2 ogres
  A black bear (D:4)
  15 centaurs
  A gnoll sergeant (D:8)
  6 bullfrogs
  2 scorpions (D:5)
  A kobold brigand (D:11)
  2 necrophages
  3 wights (D:8)
  Dowan (D:7)
  10 killer bees
  3 howler monkeys (D:9)
  3 electric eels (D:7)
  2 orc priests
  4 hounds
  A gnoll bouda (D:6)
  2 jellies
  6 orc wizards
  5 iguanas
  9 gnolls
  4 adders
  3 white imps
  2 ufetubi
  3 worms
  6 dart slugs
  40 orcs
  9 endoplasms
  4 giant cockroaches
  10 goblins
  9 hobgoblins
  10 kobolds
  4 quokkas
  5 ball pythons
  7 bats
  2 frilled lizards
  5 rats (D:1)
238 creatures vanquished.

Vanquished Creatures (others)
  An orc (D:7)
  12 plants (D:7)
13 creatures vanquished.

Grand Total: 251 creatures vanquished

Notes
Turn   | Place    | Note
-------+----------+-------------------------------------------
     0 | D:1      | Peloso the Minotaur Fighter began the quest for the Orb.
     0 | D:1      | Reached XP level 1. HP: 19/19 MP: 0/0
    89 | D:1      | Reached XP level 2. HP: 27/27 MP: 1/1
   571 | D:1      | Reached XP level 3. HP: 33/33 MP: 2/2
  1175 | D:2      | Identified the +0 leather armour "Hoetzen" {rElec}
  1221 | D:2      | Reached skill level 3 in Long Blades
  1310 | D:2      | Reached skill level 1 in Dodging
  1310 | D:2      | Reached XP level 4. HP: 27/40 MP: 3/3
  1876 | D:2      | Found a faded altar of an unknown god.
  2937 | D:3      | Found a blossoming altar of Fedhas.
  2946 | D:3      | Identified the ring "Ciniff" {MP+9 SInv}
  2950 | D:3      | Reached skill level 4 in Long Blades
  3247 | D:4      | Noticed a black bear
  3402 | D:4      | Killed a black bear
  3403 | D:4      | Reached skill level 5 in Armour
  3403 | D:4      | Reached XP level 5. HP: 31/47 MP: 4/4
  3514 | D:4      | Found a shadowy altar of Dithmenos.
  3831 | D:4      | Reached skill level 5 in Long Blades
  4016 | D:4      | Reached XP level 6. HP: 53/53 MP: 5/5
  4129 | D:5      | Entered Level 5 of the Dungeon
  4341 | D:5      | Noticed a sky beast
  4353 | D:5      | Killed a sky beast
  4354 | D:5      | Reached skill level 6 in Long Blades
  4728 | D:5      | Reached XP level 7. HP: 59/60 MP: 6/6
  5175 | D:5      | Reached skill level 5 in Fighting
  5198 | D:5      | Found Beom's Elemental Accessories.
  5575 | D:6      | Reached skill level 7 in Long Blades
  5700 | D:6      | Reached skill level 5 in Shields
  5700 | D:6      | Reached XP level 8. HP: 68/70 MP: 7/7
  6217 | D:6      | Found a hide-covered altar of Uskayaw.
  6599 | D:7      | Reached skill level 1 in Stealth
  6603 | D:7      | Reached skill level 8 in Long Blades
  6770 | D:7      | Noticed Dowan
  6771 | D:7      | Noticed Duvessa
  6791 | D:7      | Killed Duvessa
  6794 | D:7      | Killed Dowan
  6859 | D:7      | Found a shimmering blue altar of Sif Muna.
  6872 | D:7      | Noticed Joseph
  6887 | D:7      | Killed Joseph
  6888 | D:7      | Reached skill level 9 in Long Blades
  6888 | D:7      | Reached XP level 9. HP: 38/79 MP: 8/8
  7107 | D:7      | Found a staircase to the Ecumenical Temple.
  7637 | D:7      | Found a transporter.
  7645 | D:7      | Noticed DildoBatman's ghost (novice FoCj)
  7646 | D:7      | Noticed a moth of wrath
  7683 | D:7      | Identified the +11 long sword of World Downfall {speed,
                  | Will+}
  7692 | D:7      | Found a transporter.
  7894 | D:8      | Identified the +1 pair of gloves of the Moon Troll {Harm
                  | Int+4 SInv}
  7942 | D:8      | Noticed Pikel
  7952 | D:8      | Killed Pikel
  7953 | D:8      | Reached skill level 1 in Evocations
  8107 | D:8      | Noticed Maurice
  8131 | D:8      | Killed Maurice
  8132 | D:8      | Reached skill level 10 in Long Blades
  8207 | D:8      | Noticed Prince Ribbit
  8220 | D:8      | Noticed an unseen horror
  8223 | D:8      | Killed an unseen horror
  8260 | D:8      | Killed Prince Ribbit
  8573 | D:8      | Noticed Maggie
  8592 | D:8      | Killed Maggie
  8593 | D:8      | Reached XP level 10. HP: 72/88 MP: 9/9
  8597 | D:8      | Reached skill level 11 in Long Blades
  8920 | D:8      | Found Liunalui's Weapon Emporium.
  8931 | D:8      | Found Befudyej's Assorted Antiques.
  8934 | D:8      | Reached skill level 10 in Armour
  8934 | D:8      | Found Nabuttanim's Assorted Antiques.
  9055 | D:8      | Found Tyth's Distillery.
  9072 | D:8      | Bought a scroll labelled XUROBUVILE for 32 gold pieces
  9086 | D:8      | Bought a faintly humming buckler for 256 gold pieces
  9086 | D:8      | Identified the +0 buckler of Resourcefulness {-Tele rElec
                  | rN+++ rCorr} (You bought it in a shop on level 8 of the
                  | Dungeon)
  9098 | D:8      | Bought a coppery potion for 24 gold pieces
  9098 | D:8      | Bought 2 dark potions for 48 gold pieces
  9102 | D:8      | Bought a potion of might for 52 gold pieces
  9106 | D:8      | Bought a coppery potion for 28 gold pieces
  9200 | D:9      | Reached skill level 12 in Long Blades
  9291 | D:9      | Found an opulent altar of Gozag.
  9337 | D:9      | Found a flagged portal.
  9362 | Bailey   | Entered a bailey
 11150 | Temple   | Entered the Ecumenical Temple
 11235 | Temple   | Became a worshipper of Warmaster Okawaru
 11291 | D:10     | Entered Level 10 of the Dungeon
 11388 | D:10     | Reached XP level 11. HP: 59/97 MP: 10/10
 11564 | D:10     | Noticed a two-headed ogre
 11578 | D:10     | Killed a two-headed ogre
 11579 | D:10     | Reached skill level 13 in Long Blades
 11674 | D:10     | Noticed a two-headed ogre
 11684 | D:10     | Killed a two-headed ogre
 11855 | D:10     | Noticed a two-headed ogre
 11867 | D:10     | Killed a two-headed ogre
 11867 | D:10     | Reached * piety under Okawaru
 12454 | D:11     | Noticed a sixfirhy
 12454 | D:11     | HP: 6/148 [sixfirhy[a kobold demonologist] (12)]
 12457 | D:11     | HP: 1/148 [kobold demonologist/+0 dagger (3)]
 12458 | D:11     | Demolished by an ice devil

Illustrated notes

Levels and vault maps discovered:
D:1:      lightli_arrival_quake, layout_basic
D:2:      layout_basic, shapermc_ecumenical_altar_ellora, minmay_divided_ellipse
D:3:      layout_basic, fedhas_altar_3
D:4:      layout_basic, grunt_dithmenos_smoke
D:5:      layout_loops_cross, nicolae_elemental_shop
D:6:      layout_loops_ring, marbit_many_paths
D:7:      layout_rooms, mainiacjoe_overflow_surrounded_room,
          minmay_temple_entry_from_below_a, serial_bayou, serial_bayou_pond_c,
          serial_bayou_pond_c, serial_bayou_shore_b, serial_bayou_pond_b,
          serial_bayou_pond_c, gammafunk_ghost_berserking_beasts, uniq_joseph,
          uniq_duvessa
D:8:      layout_basic, minmay_shop_grid_forest, uniq_maurice, uniq_pikel,
          uniq_maggie, uniq_prince_ribbit1
D:9:      layout_roguey, nicolae_gozag_seed_capital, kennysheep_mini,
          enter_bailey_4, minmay_misc_feat_secret_circle
D:10:     layout_irregular_city, st_stairs_3
D:11:     layout_cross, david_lair_shrubbed, portal_ice_cave_entry_pillars_1,
          grunt_decor_cap
Temple:   minmay_temple_bridge_d

Skill      XL: |  1  2  3  4  5  6  7  8  9 10 11 |
---------------+----------------------------------+-----
Armour         | 4 5 6 8 9 11 | 11.7
Fighting       | 4 5 7 8 9 |  9.9
Shields        | 4 5 6 7 8 |  8.1
Long Blades    | 3 4 5 6 7 9 10 12 13 | 13.5
Dodging        | 1 2 3 |  3.7
Stealth        | 1 |  1.7
Evocations     | 1 |  1.2

Action                   |  1- 3 |  4- 6 |  7- 9 | 10-12 || total
-------------------------+-------+-------+-------+-------++-------
Melee: Long sword        |    86 |   122 |   251 |   270 ||   729
       Headbutt          |    14 |    25 |    46 |    48 ||   133
Evoke: Wand              |       |       |     3 |       ||     3
  Use: Scroll            |     3 |     5 |     4 |     6 ||    18
       Potion            |       |       |     2 |     3 ||     5
Armor: Scale mail        |    55 |     7 |       |       ||    62
       Chain mail        |       |    60 |   132 |   162 ||   354
Dodge: Dodged            |    60 |    39 |    78 |   170 ||   347
Block: Buckler           |    22 |    27 |    53 |    79 ||   181
